cohdb
Replays
Latest Replays
All Replays
Popular Replays
Top Player Replays
Match Explorer
How It Works
Community
CoH3 Stats
Reddit
Sign in to upload your games and track your stats! →
Sign in with Steam
Match 42519228
Unlisted
Match 42519228
Overview
Messages
Build Orders
End
Construct Barracks
Engineer Squad
Selects Special Operations Battlegroup
Selects Special Operations Battlegroup
Riflemen Squad
Construct Weapon Support Center
M1919 Machine Gun Team
Selects M29 Weasel with M1 Pack Howitzer
Infantry Support Center
M29 Weasel with M1 Pack Howitzer
Grenade Package
Mortar Pit
Construct Motor Pool
Selects Raiding Flares
M24 Chaffee Light Tank
M1 Anti-tank Gun Team
M1918 Browning Automatic Rifles
Raiding Flares
Selects SSF Commando Squad
SSF Commando Squad
Survival Training
M3 Armored Personnel Carrier
Selects Assault Operation
Assault Operation
IkarusHG
DeadPhoenix
Zleg
fabio4516
Waki
OCTAVOR1
0
0
Comments
sign in to comment!
No comments posted yet!